 Dungeon Crawl Stone Soup version 0.28.0-53-g5a82cb258f (webtiles) character file.

Game seed: 11798360752802128936

102 ILmort the Magician (level 5, -2/36 HPs)
             Began as a Djinni Fire Elementalist on Aug 13, 2022.
             Slain by Sigmund
             ... wielding a +0 scythe
              (7 damage)
             ... on level 3 of the Dungeon.
             The game lasted 00:12:35 (2936 turns).

ILmort the Magician (Djinni Fire Elementalist)      Turns: 2936, Time: 00:12:36

Health: -2/36      AC:  3    Str:  7    XL:     5   Next: 5%
Gold:   49         EV: 12    Int: 18    God:
                   SH:  0    Dex: 14

rFire   + + .      SeeInvis .   g - +0 dagger (drain)
rCold   x . .      Faith    .   (no shield)
rNeg    . . .      Spirit   .   a - +0 robe
rPois   ∞          Reflect  .   (no helmet)
rElec   .          Harm     .   h - +0 cloak
rCorr   .          Rampage  .   (no gloves)
Will    .....                   (boots unavailable)
Stlth   ++........              (no amulet)
HPRegen 0.12/turn               (no ring)
MPRegen 0.00/turn               (no ring)

@: flying
A: sickness immunity, fire resistance 2, cold vulnerability 1, float, innate
caster, HP casting, extra vitality 1
a: no special abilities


You were on level 3 of the Dungeon.
You visited 1 branch of the dungeon, and saw 3 of its levels.

You collected 75 gold pieces.
You spent 26 gold pieces at shops.

Inventory:

Hand Weapons
 c - a +2 whip of distortion
 g - a +0 dagger of draining (weapon)
Armour
 a - a +0 robe (worn)
 h - a +0 cloak (worn)
Scrolls
 e - a scroll of holy word {unknown}
 f - a scroll of amnesia {unknown}
Potions
 b - a potion of resistance {unknown}
 d - 2 potions of ambrosia {unknown}


   Skills:
 + Level 0.7 Fighting
 - Level 2.3 Dodging
 - Level 1.7 Stealth
 - Level 4.0 Spellcasting


You couldn't memorise any spells.
You knew the following spells:

 Your Spells              Type           Power      Damage    Failure   Level
a - Foxfire               Conj/Fire      72%        2x1d7     2%          1
b - Scorch                Fire           36%        2d7       4%          2
c - Conjure Flame         Conj/Fire      18%        6-21      9%          3
d - Inner Flame           Hex/Fire       18%        N/A       9%          3
e - Flame Wave            Conj/Fire      18%        2d6       28%         4
f - Freeze                Ice            72%        1d9       2%          1
g - Passwall              Tmut/Erth      15%        N/A       4%          2
Your spell library was empty.

Dungeon Overview and Level Annotations

Branches:
Dungeon (3/15)

Altars:

Shops:
D:2 *

Annotations:
D:3 Sigmund


Innate Abilities, Weirdness & Mutations

You are immune to sickness and miasma.
You are immune to poison.
Your flesh is very heat resistant. (rF++)
You are vulnerable to cold. (rC-)
You float through the air rather than walking.
You learn spells naturally, not from books.
Your magical power is your life essence.
You have superior vitality. (+4 MHP)


Message History

The endoplasm freezes you.
You are frozen.
You feel a terrible chill!
You hit the endoplasm.
You kill the endoplasm!
You reach down and open the door.
There is an open door here.
Sigmund the Dreaded comes into view.
He is wielding a +0 scythe.
Casting: Foxfire (safe; 2% risk of failure)
You conjure some foxfire!
Casting: Foxfire (safe; 2% risk of failure)
You conjure some foxfire!
You closely miss Sigmund.
The foxfire hits Sigmund.
The foxfire hits Sigmund but does no damage.
The foxfire hits Sigmund.
Sigmund mumbles some strange words.
Sigmund flickers and vanishes!
Deactivating autopickup; reactivate with Ctrl-A.
Casting: Foxfire (safe; 2% risk of failure)
You conjure some foxfire!
Something hits you!
You barely miss something.
The foxfire hits something.
The foxfire hits something but does no damage.
Casting: Foxfire (safe; 2% risk of failure)
You conjure some foxfire!
Something hits you!
You hit something but do no damage.
The foxfire hits something. x2
Something hits you.
Casting: Foxfire (safe; 2% risk of failure)
You conjure some foxfire!
You hit something.
The foxfire hits something.
Something hits you.
Casting: Foxfire (safe; 2% risk of failure)
You conjure some foxfire!
* * * LOW HITPOINT WARNING * * *
Something hits you.
* * * LOW HITPOINT WARNING * * *
You miss something.
The foxfire hits something.
The foxfire hits something but does no damage.
Casting: Foxfire (safe; 2% risk of failure)
You conjure some foxfire!
* * * LOW HITPOINT WARNING * * *
Something hits you!
You die...

#.# #.# #.# #.#
####'### #.#
##.....# #.#####
##.....# #.....#
.#.....# #####.#
.#.....# #####.###
.......# #...vv{.#
#......#####.###@#§#
#.##)......# #v#@#
#.##.#####.# #.#.#
..)........# #.#.#
##+#)####### #.#.#
......# #.#.#
......# #.#..
....[.# #.# ......#


There were no monsters in sight!

Vanquished Creatures
  4 gnolls (D:2)
  3 adders (D:2)
  A dart slug (D:1)
  3 orcs (D:3)
  A ball python (D:1)
  2 endoplasms
  2 giant cockroaches
  2 goblins (D:1)
  3 hobgoblins
  2 quokkas
  4 bats
  2 frilled lizards
  2 kobolds
  4 rats
35 creatures vanquished.

Vanquished Creatures (collateral kills)
  2 foxfires (D:1)
2 creatures vanquished.

Vanquished Creatures (others)
  95 foxfires
  5 toadstools (D:1)
100 creatures vanquished.

Grand Total: 137 creatures vanquished

Notes
Turn   | Place    | Note
-------+----------+-------------------------------------------
     0 | D:1      | ILmort the Djinni Fire Elementalist began the quest for the
                  | Orb.
     0 | D:1      | Reached XP level 1. HP: 15/15 MP: 0/0
   228 | D:1      | Reached XP level 2. HP: 18/21 MP: 0/0
   587 | D:1      | Found a faded altar of an unknown god.
  1127 | D:2      | Found Pakoishre's Assorted Antiques.
  1141 | D:2      | Reached skill level 3 in Spellcasting
  1141 | D:2      | Reached XP level 3. HP: 22/25 MP: 0/0
  1141 | D:2      | Learned a level 1 spell: Freeze
  1145 | D:2      | Bought a scroll labelled HERUNNUGHU for 26 gold pieces
  1756 | D:2      | Reached XP level 4. HP: 16/31 MP: 0/0
  2642 | D:3      | Reached skill level 4 in Spellcasting
  2677 | D:3      | Reached XP level 5. HP: 29/36 MP: 0/0
  2677 | D:3      | Learned a level 2 spell: Passwall
  2923 | D:3      | Noticed Sigmund
  2936 | D:3      | Slain by Sigmund

Illustrated notes

Levels and vault maps discovered:
D:1:      ldierk_walled_garden, layout_loops_ring,
          chequers_ecumenical_altar_twisty
D:2:      layout_rooms, serial_shops, nicolae_shop_advertising_works
          [nicolae_subvault_shop_adworks]
D:3:      layout_basic, uniq_terence, uniq_sigmund, uniq_pargi

Skill      XL: |  1  2  3  4 |
---------------+-------------+-----
Spellcasting   | 3 4 |  4.0
Fighting       | |  0.7
Dodging        | |  2.3
Stealth        | |  1.7

Action                   |  1- 3 |  4- 6 || total
-------------------------+-------+-------++-------
Melee: Unarmed           |     1 |       ||     1
       Punch             |     1 |       ||     1
       Dagger            |    15 |    14 ||    29
 Cast: Foxfire           |    49 |    30 ||    79
Armor: Robe              |    17 |     1 ||    18
Dodge: Dodged            |    28 |     7 ||    35
